 Dungeon Crawl Stone Soup version 0.25-a0-566-g062765be81 (webtiles) character file.

Game seed: 13530484473975941376, levelgen mode: deterministic

119 kae the Sneak (level 4, 0/24 HPs)
             Began as a Vampire Enchanter on Feb 28, 2020.
             Slain by Grinder (4 damage)
             ... on level 3 of the Dungeon.
             The game lasted 00:02:33 (2057 turns).

kae the Sneak (Vampire Enchanter)                   Turns: 2057, Time: 00:02:33

Health: 0/24       AC:  5    Str:  7    XL:     4   Next: 73%
Magic:  7/8        EV: 12    Int: 18    God:
Gold:   123        SH:  0    Dex: 14    Spells: 5/8 levels left

rFire    . . .     SeeInvis +   a - +1 dagger
rCold    + + .     Gourm    .   (no shield)
rNeg     + + +     Faith    .   h - +2 robe
rPois    ∞         Spirit   .   (no helmet)
rElec    .         Reflect  .   (no cloak)
rCorr    .         Harm     .   (no gloves)
MR       .....                  c - +0 pair of boots {Stlth+}
Stlth    ++++++....             (no amulet)
HPRegen  0.00/turn              (no ring)
MPRegen  0.11/turn              (no ring)

@: bloodless
A: no food, fangs 3, see invisible, unbreathing
a: Bat Form, Revivify


You were on level 3 of the Dungeon.
You were bloodless.

You visited 1 branch of the dungeon, and saw 3 of its levels.

You collected 123 gold pieces.

Inventory:

Hand Weapons
 a - a +1 dagger (weapon)
Armour
 c - a +0 pair of boots of stealth (worn)
 h - a +2 robe (worn)
Wands
 l - a wand of random effects (12)
Scrolls
 b - a scroll of enchant weapon {unknown}
 d - a scroll of enchant armour {unknown}
 e - a scroll of identify
 g - 3 scrolls of teleportation {unknown}
 i - 3 scrolls of random uselessness {unknown}
 k - a scroll of remove curse {unknown}
 m - a scroll of immolation {unknown}
Potions
 f - 2 potions of curing


   Skills:
 * Level 3.2 Short Blades
 - Level 2.1 Dodging
 + Level 5.4 Stealth
 + Level 2.6 Spellcasting
 + Level 5.3 Hexes


You had 5 spell levels left.
You knew the following spells:

 Your Spells              Type           Power        Failure   Level  Hunger
a - Corona                Hex            ###....      1%          1    N/A
b - Ensorcelled Hibernat  Hex/Ice        ##....       9%          2    N/A

Your spell library contained the following spells:

 Spells                   Type           Power        Failure   Level  Hunger
 Confusing Touch          Hex            ###.....     5%          3    N/A
 Tukima's Dance           Hex            ###.....     5%          3    N/A
 Dazzling Flash           Conj/Hex       ##....       17%         3    N/A

Dungeon Overview and Level Annotations

Branches:
Dungeon (3/15)

Altars:
Trog

Annotations:
D:3 Grinder


Innate Abilities, Weirdness & Mutations

You do not eat.
You do not regenerate when monsters are visible.
You are frail without blood (-20% HP).
You can heal yourself when you bite living creatures.
You are immune to poison.
You have razor-sharp teeth.
You have supernaturally acute eyesight. (SInv)
You can survive without breathing.


Message History

Grinder is lightly wounded.
You hit Grinder but do no damage.
Grinder is lightly wounded.
Grinder hits you.
You hit Grinder.
Grinder is lightly wounded.
Grinder says, "Wait up."
Grinder barely misses you.
You hit Grinder.
Grinder is lightly wounded.
Grinder hits you!
* * * LOW HITPOINT WARNING * * *
You barely miss Grinder.
Grinder is lightly wounded.
Grinder gestures at you. You resist with significant effort.
You hit Grinder but do no damage.
Grinder is lightly wounded.
Grinder hits you.
You die...

#####.#
#.....#
#.#####
#....#
####.#
#.# #.#
##.##
#.@.#
#5.##
#....
♣PPP.♣
♣...♣♣
♣♣)♣♣
)♣ ♣


You could see Grinder.

Vanquished Creatures
  Jessica (D:2)
  An adder (D:2)
  4 worms
  6 dart slugs
  2 leopard geckos
  A ball python (D:2)
  7 bats
  4 giant cockroaches
  4 goblins
  9 hobgoblins
  5 kobolds
  4 frilled lizards
  10 rats
58 creatures vanquished.

Notes
Turn   | Place    | Note
-------+----------+-------------------------------------------
     0 | D:1      | kae the Vampire Enchanter began the quest for the Orb.
     0 | D:1      | Reached XP level 1. HP: 13/13 MP: 3/3
   129 | D:1      | Reached XP level 2. HP: 14/19 MP: 5/5
   137 | D:1      | Learned a level 2 spell: Ensorcelled Hibernation
   839 | D:1      | Reached XP level 3. HP: 24/24 MP: 6/6
   979 | D:2      | Reached skill level 5 in Stealth
   982 | D:2      | Found a faded altar of an unknown god.
  1000 | D:2      | Noticed Jessica
  1013 | D:2      | Killed Jessica
  1013 | D:2      | Reached skill level 5 in Hexes
  1013 | D:2      | Reached XP level 4. HP: 24/24 MP: 7/7
  1987 | D:3      | Found a bloodstained altar of Trog.
  2043 | D:3      | Noticed Grinder
  2057 | D:3      | Slain by Grinder

Levels and vault maps discovered:
D:1:      dpeg_arrival_ratfight, layout_loops_corners
D:2:      layout_basic, chequers_ecumenical_altar_simple_redux, uniq_jessica
D:3:      layout_loops_ring, okawaru_altar_gauntlet_db,
          gammafunk_temple_overflow_wave, first_ration,
          trog_three_pillars_becter, uniq_natasha, uniq_crazy_yiuf_cottage,
          uniq_grinder

Skill      XL: |  1  2  3  4 |
---------------+-------------+-----
Short Blades   | 2 3 |  3.2
Stealth        | 5 |  5.4
Hexes          | 5 |  5.3
Dodging        | |  2.1
Spellcasting   | |  2.6

Action                   |  1- 3 |  4- 6 || total
-------------------------+-------+-------++-------
Melee: Dagger            |    95 |   103 ||   198
       Bite              |     9 |     4 ||    13
 Cast: Corona            |     1 |     1 ||     2
       Ensorcelled Hiber |     2 |     7 ||     9
 Abil: Exsanguinate      |     1 |       ||     1
  Use: Scroll            |     2 |       ||     2
       Potion            |       |     1 ||     1
 Stab: Sleeping          |    19 |    14 ||    33
Armor: Robe              |    11 |    18 ||    29
Dodge: Dodged            |    41 |    69 ||   110

Table legend:
 A = Non-vault XP
 B = Vault XP
 C = Vault XP percentage of total XP
 D = Non-vault monster count
 E = Vault monster count
 F = Vault count percentage of total count
                 A         B        C        D         E       F
            +---------+---------+-------+---------+---------+-------
      Total |     128 |      42 |  24.7 |      52 |       6 |  10.3
            +---------+---------+-------+---------+---------+-------
        D:1 |      43 |       5 |  10.4 |      24 |       5 |  17.2
        D:2 |      77 |      37 |  32.5 |      25 |       1 |   3.8
        D:3 |       8 |       0 |   0.0 |       3 |       0 |   0.0
            +---------+---------+-------+---------+---------+-------
